 Dungeon Crawl Stone Soup version 0.29.1-1-gd02db6906a (webtiles) character file.

Game seed: 9727359981077199758

1374 Hadkhar the Thaumaturge (level 8, -1/41 HPs)
             Began as a Deep Elf Air Elementalist on Oct 15, 2022.
             Was an Initiate of Sif Muna.
             Slain by a killer bee (2 damage)
             ... on level 6 of the Dungeon.
             The game lasted 00:39:41 (6325 turns).

Hadkhar the Thaumaturge (Deep Elf Air Elementalist) Turns: 6325, Time: 00:39:46

Health: -1/41      AC:  3    Str:  5    XL:     8   Next: 39%
Magic:  9/23       EV: 12    Int: 23    God:    Sif Muna [......]
Gold:   350        SH:  0    Dex: 15    Spells: 15/25 levels left

rFire   . . .      SeeInvis .   p - +0 shortbow
rCold   . . .      Faith    .   (shield currently unavailable)
rNeg    + . .      Spirit   .   a - +0 robe
rPois   .          Reflect  .   (no helmet)
rElec   .          Harm     .   r - scarf {+Inv}
rCorr   .          Rampage  .   n - +0 pair of gloves
Will    .....                   (no boots)
Stlth   +++.......              (no amulet)
HPRegen 0.13/turn               l - ring of positive energy
MPRegen 0.18/turn               (no ring)

@: no status effects
A: no striking features
a: Renounce Religion, Evoke Invisibility


You were on level 6 of the Dungeon.
You worshipped Sif Muna.
Sif Muna was noncommittal.
You visited 2 branches of the dungeon, and saw 7 of its levels.

You collected 350 gold pieces.

Inventory:

Hand Weapons
 d - a +1 whip of flaming
 p - a +0 shortbow (weapon)
 s - a +2 short sword of electrocution
Missiles
 i - 5 poisoned darts
 y - a throwing net
Armour
 a - a +0 robe (worn)
 n - a +0 pair of gloves (worn)
 r - a scarf of invisibility (worn)
Jewellery
 l - a ring of positive energy (left hand)
 x - a ring of ice
Scrolls
 h - 2 scrolls of teleportation {unknown}
 j - a scroll of magic mapping {unknown}
 k - 5 scrolls of identify {unknown}
 m - a scroll of vulnerability {unknown}
 q - 2 scrolls of acquirement {unknown}
 t - a scroll of poison {unknown}
 v - 3 scrolls of blinking {unknown}
Potions
 b - 2 potions of magic
 c - 2 potions of haste {unknown}
 e - a potion of berserk rage {unknown}
 f - 4 potions of might {unknown}
 g - 5 potions of curing {unknown}
 o - a potion of heal wounds {unknown}
 u - a potion of attraction {unknown}
 w - 2 potions of degeneration {unknown}
 z - a potion of invisibility {unknown}
 A - a potion of brilliance {unknown}


   Skills:
 - Level 2.4 Dodging
 + Level 6.4 Stealth
 * Level 9.1 Spellcasting
 + Level 5.0 Conjurations
 + Level 5.5 Air Magic


You had 15 spell levels left.
You knew the following spells:

 Your Spells              Type           Power      Damage    Failure   Level
a - Shock                 Conj/Air       100%       1d9       1%          1
b - Static Discharge      Conj/Air       34%        3-8/arc   1%          2
c - Airstrike             Air            17%        2d(3-19)  6%          4
d - Swiftness             Air            35%        N/A       1%          3

Your spell library contained the following spells:

 Spells                   Type           Power      Damage    Failure   Level
 Foxfire                  Conj/Fire      88%        2x1d8     2%          1
 Conjure Flame            Conj/Fire      22%        6-21      7%          3
 Inner Flame              Hex/Fire       10%        N/A       19%         3
 Flame Wave               Conj/Fire      22%        2d8       22%         4


Dungeon Overview and Level Annotations

Branches:
Dungeon (6/15)             Temple (1/1) D:6

Altars:
Ashenzari
Cheibriados
Elyvilon
Fedhas
Gozag
Hepliaklqana
Kikubaaqudgha
Makhleb
Nemelex Xobeh
Okawaru
Qazlal
Ru
Sif Muna
Xom
Yredelemnul
Zin

Shops:
D:3 *


Message History

Aiming: Shock (safe; 1% risk of failure)
Press: ? - help, Shift-Dir - straight line, f - killer bee
Aim: a killer bee (wandering, hasn't noticed you, 48% to hit)
The zap hits the killer bee.
The killer bee is moderately wounded.
The killer bee buzzes angrily.
Things that are here:
a +0 club; a +0 leather armour
Casting: Shock (safe; 1% risk of failure)
Confirm with . or Enter, or press ? or * to list all spells.
Aiming: Shock (safe; 1% risk of failure)
Press: ? - help, Shift-Dir - straight line, f/p - killer bee
Aim: a killer bee (moderately wounded, 48% to hit)
The zap misses the killer bee.
Casting: Shock (safe; 1% risk of failure)
Confirm with . or Enter, or press ? or * to list all spells.
Aiming: Shock (safe; 1% risk of failure)
Press: ? - help, Shift-Dir - straight line, f/p - killer bee
Aim: a killer bee (moderately wounded, 48% to hit)
The zap misses the killer bee.
The killer bee stings you!
* * * LOW HITPOINT WARNING * * *
Casting: Shock (safe; 1% risk of failure)
Confirm with . or Enter, or press ? or * to list all spells.
The killer bee is struck by an arc of lightning.
The killer bee is heavily wounded.
You are struck by an arc of lightning.
* * * LOW HITPOINT WARNING * * *
The lightning grounds out.
The killer bee stings you.
* * * LOW HITPOINT WARNING * * *
The killer bee stings you.
* * * LOW HITPOINT WARNING * * *
Casting: Static Discharge (safe; 1% risk of failure)
Confirm with . or Enter, or press ? or * to list all spells.
Aiming: Shock (safe; 1% risk of failure)
Press: ? - help, Shift-Dir - straight line, f/p - killer bee
Aim: a killer bee (heavily wounded, 48% to hit)
The zap hits the killer bee!
The killer bee is almost dead.
The killer bee stings you.
You die...

##..#
##.#######
#.#.....#
#.#.#+#)#
#...# #)#
##.###..#
#)##
.........#
#))##
.#####..##
##).# ##.#
#@.# #.#
#y.# ..#
#).# ..#
#..# #...
.†.# #.#
.#.# #. ..
#. #. ..
##


You could see a killer bee.

Vanquished Creatures
  An ice beast (D:5)
  A black bear (D:6)
  An ogre (D:5)
  A phantom (D:4)
  A necrophage (D:6)
  4 scorpions
  3 killer bees (D:6)
  A howler monkey (D:5)
  3 jellies
  A gnoll bouda (D:6)
  An orc priest (D:6)
  3 iguanas (D:5)
  Natasha (thrice) (D:2)
  2 orc wizards
  A scorpion zombie (D:3)
  5 gnolls (D:6)
  5 adders
  A river rat (D:3)
  2 ufetubi (D:5)
  An adder zombie (D:3)
  3 worms
  2 dart slugs
  19 orcs
  4 bats
  5 endoplasms
  3 goblins
  3 hobgoblins
  3 jackals (D:2)
  6 kobolds
  2 quokkas
  6 ball pythons
  A ball python skeleton (D:3)
  A ball python zombie (D:3)
  2 frilled lizards (D:1)
  2 quokka skeletons (D:3)
  4 rats
107 creatures vanquished.

Vanquished Creatures (others)
  2 plants (D:1)
  8 withered plants
10 creatures vanquished.

Grand Total: 117 creatures vanquished

Notes
Turn   | Place    | Note
-------+----------+-------------------------------------------
     0 | D:1      | Hadkhar the Deep Elf Air Elementalist began the quest for
                  | the Orb.
     0 | D:1      | Reached XP level 1. HP: 10/10 MP: 6/6
   204 | D:1      | Found a faded altar of an unknown god.
   320 | D:1      | Reached XP level 2. HP: 15/15 MP: 2/8
   622 | D:2      | Learned a level 2 spell: Static Discharge
   801 | D:2      | Found a shimmering altar of Xom.
  1285 | D:2      | Noticed Natasha
  1289 | D:2      | Noticed a crimson imp
  1292 | D:2      | Killed Natasha
  1293 | D:2      | Reached skill level 4 in Spellcasting
  1293 | D:2      | Reached XP level 3. HP: 19/19 MP: 5/10
  1652 | D:2      | Noticed Natasha
  1659 | D:2      | Killed Natasha
  1660 | D:2      | Reached XP level 4. HP: 18/24 MP: 6/12
  2177 | D:2      | Noticed Natasha
  2184 | D:2      | Killed Natasha
  2344 | D:3      | Found a burning altar of Makhleb.
  2346 | D:3      | Found Hun Sas's General Store.
  2397 | D:3      | Found a glowing silver altar of Zin.
  2398 | D:3      | Found an opulent altar of Gozag.
  2460 | D:3      | Found a hazy altar of Hepliaklqana.
  2469 | D:3      | Reached skill level 5 in Spellcasting
  2469 | D:3      | Reached XP level 5. HP: 16/28 MP: 9/14
  2873 | D:3      | Found a sparkling altar of Nemelex Xobeh.
  3676 | D:4      | Noticed a phantom
  3688 | D:4      | Killed a phantom
  3689 | D:4      | Reached skill level 6 in Spellcasting
  3689 | D:4      | Reached XP level 6. HP: 29/32 MP: 11/17
  3969 | D:5      | Entered Level 5 of the Dungeon
  4027 | D:5      | Found a sacrificial altar of Ru.
  4397 | D:5      | Noticed an ice beast
  4406 | D:5      | Killed an ice beast
  4407 | D:5      | Reached skill level 7 in Spellcasting
  4407 | D:5      | Reached XP level 7. HP: 19/36 MP: 8/19
  4410 | D:5      | Reached skill level 5 in Stealth
  4781 | D:5      | Noticed a gargoyle
  4986 | D:5      | Found a snail-covered altar of Cheibriados.
  5484 | D:5      | Learned a level 4 spell: Airstrike
  5488 | D:5      | Learned a level 3 spell: Swiftness
  5606 | D:6      | Reached skill level 8 in Spellcasting
  5737 | D:6      | Reached skill level 5 in Air Magic
  5747 | D:6      | Reached XP level 8. HP: 21/41 MP: 12/22
  5899 | D:6      | Found a staircase to the Ecumenical Temple.
  5906 | Temple   | Entered the Ecumenical Temple
  6000 | Temple   | Became a worshipper of Sif Muna the Loreminder
  6314 | D:6      | Reached skill level 9 in Spellcasting
  6316 | D:6      | Reached skill level 5 in Conjurations
  6324 | D:6      | HP: 1/41 [killer bee (5)]
  6325 | D:6      | Slain by a killer bee

Illustrated notes

Levels and vault maps discovered:
D:1:      scummos_arrival_simple_crosswalls, layout_rooms,
          shapermc_ecumenical_altar_flowoftime
D:2:      layout_basic, basic_altar, hangedman_abyss_or_decor_lesser_grid,
          hex_tiny, kennysheep_generic_room_13, uniq_natasha
D:3:      layout_loops_ring, grunt_temple_overflow_gold_and_silver,
          lemuel_round_altar, nemelex_xobeh_ov_fountains_minmay,
          mainiacjoe_overflow_chevrons, portal_sewer_entry_e, serial_shops,
          shop, serial_undead, serial_undead_e, serial_undead_f,
          serial_undead_e, serial_undead_e, serial_undead_f
D:4:      layout_basic
D:5:      layout_cave_pools, lemuel_tele_altar, kennysheep_slug_shrine,
          hangedman_decor_push, hangedman_abyss_or_decor_jellyfish_corner
D:6:      layout_rooms, mainiacjoe_overflow_surrounded_room,
          minmay_temple_entry_mini_moons, minmay_shop_damaged
Temple:   dpeg_three_leaves_temple

Skill      XL: |  1  2  3  4  5  6  7  8 |
---------------+-------------------------+-----
Stealth        | 3 4 5 6 |  6.4
Spellcasting   | 4 5 6 7 8 9 |  9.1
Conjurations   | 2 3 4 5 |  5.0
Air Magic      | 4 5 |  5.5
Dodging        | |  2.4

Action                   |  1- 3 |  4- 6 |  7- 9 || total
-------------------------+-------+-------+-------++-------
Melee: Short sword       |    23 |     1 |       ||    24
 Fire: Shortbow          |       |    18 |     7 ||    25
Throw: Dart              |     9 |     5 |       ||    14
 Cast: Shock             |    29 |    74 |    72 ||   175
       Static Discharge  |     7 |    21 |    22 ||    50
       Airstrike         |       |       |     2 ||     2
Armor: Robe              |     6 |     7 |     1 ||    14
Dodge: Dodged            |     7 |    27 |    11 ||    45
